 Dungeon Crawl Stone Soup version 0.21.0-37-g46506fa (webtiles) character file.

677 Zhenya24pyc the Cudgeler (level 7, -5/45 HPs)
             Began as a Gargoyle Fighter on Feb 1, 2018.
             Slain by an iguana (7 damage)
             ... on level 5 of the Dungeon.
             The game lasted 00:05:06 (3938 turns).

Zhenya24pyc the Cudgeler (Gargoyle Fighter)         Turns: 3938, Time: 00:05:06

Health: -5/45      AC: 12    Str: 22    XL:     7   Next: 60%
Magic:  7/7        EV:  7    Int:  8    God:
Gold:   196        SH:  9    Dex:  9    Spells: 6/6 levels left

rFire    . . .     SeeInvis .   a - +0 flail
rCold    . . .     Gourm    .   c - +0 shield
rNeg     + . .     Faith    .   b - +0 scale mail
rPois    ∞         Spirit   .   (no helmet)
rElec    +         Reflect  .   (no cloak)
rCorr    .         Harm     .   p - +0 pair of gloves
MR       .....                  (no boots)
Stlth    ..........             (no amulet)
HPRegen  0.15/turn              (no ring)
MPRegen  0.10/turn              (no ring)

@: no status effects
A: negative energy resistance 1, electricity resistance, unbreathing,
petrification resistance, rot immunity, AC +4
a: no special abilities


You were on level 5 of the Dungeon.
You were not hungry.

You visited 1 branch of the dungeon, and saw 5 of its levels.

You collected 196 gold pieces.

Inventory:

Hand Weapons
 a - a +0 flail (weapon)
Armour
 b - a +0 scale mail (worn)
 c - a +0 shield (worn)
 p - a +0 pair of gloves (worn)
Wands
 r - a wand of iceblast (6)
 t - a wand of digging (12)
Scrolls
 e - a scroll of magic mapping {unknown}
 g - 3 scrolls of remove curse {unknown}
 h - 2 scrolls of fear {unknown}
 i - 4 scrolls of teleportation {unknown}
 j - 3 scrolls of identify {unknown}
 m - 2 scrolls of amnesia {unknown}
Potions
 d - a potion of might
 l - a potion of agility {unknown}
 n - 3 potions of lignification {unknown}
 o - a potion of berserk rage {unknown}
 q - 2 potions of curing {unknown}
 s - a potion of heal wounds {unknown}
 u - a potion of degeneration {unknown}
Comestibles
 f - 9 rations
 k - 7 chunks of flesh


   Skills:
 + Level 5.9 Fighting
 * Level 6.7 Maces & Flails
 - Level 3.2 Armour
 + Level 1.1 Dodging
 - Level 3.2 Shields


You had 6 spell levels left.
You didn't know any spells.

Dungeon Overview and Level Annotations

Branches:
Dungeon (5/15)
 Temple: D:4-7

Altars:
Cheibriados
Elyvilon
Gozag
Kikubaaqudgha
Nemelex Xobeh
Ru
Yredelemnul
Zin

Annotations:
D:5 Eustachio


Innate Abilities, Weirdness & Mutations

You are resistant to torment.
Your stone body is resilient. (AC +4)
You are immune to poison.
You resist negative energy. (rN+)
You are resistant to electric shocks. (rElec)
You can survive without breathing.
You are immune to petrification.
You are immune to rotting.


Message History

The white imp barely misses you. You block the iguana's attack.
The river rat bites you but does no damage.
The worker ant zombie barely misses you.
Eustachio hits you but does no damage.
The white imp hits you but does no damage.
You closely miss Eustachio.
Eustachio is heavily wounded.
You block the iguana's attack. You block the river rat's attack.
You block the worker ant zombie's attack.
Eustachio hits you but does no damage. The white imp barely misses you.
The iguana bites you.
* * * LOW HITPOINT WARNING * * *
You hit Eustachio.
Eustachio is severely wounded.
The white imp disappears in a puff of smoke!
The river rat bites you but does no damage.
You block the worker ant zombie's attack.
Eustachio casts a spell.
Eustachio blinks!
The iguana bites you!
You die...

[###########
........<...#
............#
............#
......%..r..#
!......§@l..#
........§Z..# .....
#...........# .....
≈..(........# ###...##
≈≈..........###.##....>##
≈≈..........!.#.#.......#
P≈@..#####..#.#.#.......#
♣♣##.. ##..../#.......# #
##. ##....##......)


You could see Eustachio, an iguana, a river rat and a worker ant zombie.

Vanquished Creatures
  A phantom (D:4)
  2 ogres
  A scorpion (D:4)
  An orc priest (D:4)
  A hound (D:5)
  2 orc wizards (D:4)
  3 worker ants
  An iguana (D:5)
  6 adders
  A shadow imp (D:5)
  A worm (D:2)
  4 dart slugs
  2 leopard geckos
  14 orcs
  7 giant cockroaches
  4 goblins
  4 hobgoblins
  4 kobolds
  A quokka (D:2)
  7 bats
  6 frilled lizards
  A jackal skeleton (D:4)
  A quokka skeleton (D:5)
  5 rats
80 creatures vanquished.

Notes
Turn   | Place    | Note
-------+----------+-------------------------------------------
     0 | D:1      | Zhenya24pyc the Gargoyle Fighter began the quest for the Orb.
     0 | D:1      | Reached XP level 1. HP: 14/14 MP: 1/1
   229 | D:1      | Reached XP level 2. HP: 19/19 MP: 2/2
  1077 | D:2      | Reached skill level 3 in Maces & Flails
  1105 | D:2      | Reached XP level 3. HP: 24/24 MP: 3/3
  1135 | D:2      | Found a sacrificial altar of Ru.
  1162 | D:2      | Found a glowing silver altar of Zin.
  1501 | D:2      | Reached XP level 4. HP: 29/29 MP: 4/4
  1562 | D:2      | Found a snail-covered altar of Cheibriados.
  2216 | D:3      | Reached skill level 4 in Maces & Flails
  2382 | D:3      | Found a basalt altar of Yredelemnul.
  2385 | D:3      | Found an opulent altar of Gozag.
  2388 | D:3      | Found an ancient bone altar of Kikubaaqudgha.
  2391 | D:3      | Found a sparkling altar of Nemelex Xobeh.
  2468 | D:3      | Noticed a two-headed ogre
  2596 | D:3      | Reached XP level 5. HP: 22/34 MP: 5/5
  3041 | D:4      | Reached skill level 5 in Maces & Flails
  3078 | D:4      | Noticed an ogre
  3083 | D:4      | Killed an ogre
  3083 | D:4      | Reached skill level 5 in Fighting
  3083 | D:4      | Reached XP level 6. HP: 32/40 MP: 6/6
  3213 | D:4      | Noticed a phantom
  3242 | D:4      | Killed a phantom
  3343 | D:4      | Reached skill level 6 in Maces & Flails
  3343 | D:4      | Reached XP level 7. HP: 44/44 MP: 7/7
  3725 | D:5      | Entered Level 5 of the Dungeon
  3866 | D:5      | Reached skill level 1 in Dodging
  3888 | D:5      | Found a white marble altar of Elyvilon.
  3900 | D:5      | Noticed Eustachio
  3937 | D:5      | HP: 2/45 [iguana (4)]
  3938 | D:5      | Slain by an iguana

Skill      XL: |  1  2  3  4  5  6  7 |
---------------+----------------------+-----
Maces & Flails | 3 4 5 6 |  6.7
Fighting       | 4 5 |  5.9
Dodging        | 1 |  1.1
Armour         | |  3.2
Shields        | |  3.2

Action                   |  1- 3 |  4- 6 |  7- 9 || total
-------------------------+-------+-------+-------++-------
Melee: Flail             |   141 |   163 |    80 ||   384
  Eat: Chunk             |     2 |     6 |     2 ||    10
Armor: Scale mail        |    76 |    79 |    55 ||   210
Dodge: Dodged            |    35 |    56 |    31 ||   122
Block: Shield            |    90 |    89 |    51 ||   230
